Map: Blackburn LE

Players

freebuttouch

  • Race: Zerg Zerg
  • League: Diamond

Neurotoxin - Winner!

  • Race: Zerg Zerg
  • League: Platinum

VOD

Have the link to the VOD?

Description

Time

  • Played on: Sept. 18, 2021, 2:01 a.m.
  • Length: 12:42
Show
View Real Time Build Order
Export as new Build Order

freebuttouch Zerg 

Build Orders: Hatch First 

Get SALT Encoding   

  12  0:00  Drone  
  13  0:12  Overlord  
  13  0:16  Drone  
  14  0:30  Drone x2  
  16  0:49  Hatchery  
  15  0:51  Drone  
  15  0:55  Drone  
  17  0:59  Drone  
  18  1:10  Extractor  
  17  1:16  Spawning Pool  
  17  1:17  Drone  
  17  1:21  Drone  
  18  1:27  Drone  
  19  1:38  Drone  
  20  2:03  Zergling x2  
  20  2:04  Zergling x4  
  23  2:11  Zergling x2  
  23  2:12  Zergling x2  
  25  2:28  Zergling x4  
  26  2:39  Overlord  
  26  2:40  Overlord  
  26  2:50  Metabolic Boost  
  26  2:53  Drone  
  26  2:54  Hatchery  
  26  2:56  Drone, Queen x2  
  32  2:58  Drone  
  32  3:07  Drone x3  
  35  3:16  Drone x2  
  37  3:31  Drone x2  
  39  3:43  Drone x2  
  40  3:49  Drone x2  
  40  3:50  Queen  
  40  3:52  Queen  
  41  3:57  Overlord  
  41  4:03  Overlord  
  41  4:09  Spine Crawler  
  40  4:13  Roach Warren, Evolution Chamber  
  38  4:22  Zergling x2  
  38  4:23  Zergling x18  
  48  4:32  Baneling Nest  
  48  4:36  Drone x3  
  50  4:38  Extractor, Queen  
  51  4:51  Drone x5  
  51  4:52  Drone  
  57  4:53  Drone  
  57  4:55  Drone  
  57  4:59  Drone  
  60  5:00  Drone  
  60  5:06  Lair  
  61  5:11  Zerg Missile Weapons Level 1  
  61  5:13  Extractor  
  60  5:20  Baneling x3  
  60  5:39  Roach  
  60  5:40  Roach x2  
  66  5:43  Overlord x4  
  66  5:44  Overlord x2  
  66  6:05  Roach  
  66  6:06  Roach x8  
  84  6:13  Glial Reconstitution  
  84  6:14  Overlord  
  84  6:16  Overlord  
  84  6:21  Overlord  
  84  6:31  Roach  
  84  6:32  Roach x3  
  92  6:48  Roach x7  
  92  6:51  Overlord  
  106  6:54  Overlord  
  106  7:01  Roach x2  
  110  7:12  Zerg Ground Armor Level 1  
  110  7:16  Drone x3, Evolution Chamber  
  110  7:17  Drone x3  
  110  7:20  Drone  
  110  7:22  Extractor  
  115  7:31  Roach  
  115  7:32  Roach x3  
  123  7:37  Roach  
  123  7:38  Roach  
  120  7:52  Roach  
  120  7:53  Roach x5  
  120  7:54  Roach  
  120  8:01  Roach  
  120  8:02  Roach x2  
  114  8:07  Roach  
  114  8:08  Roach  
  106  8:17  Roach  
  106  8:18  Roach x2  
  96  8:35  Roach x5  
  96  8:36  Roach x2  
  96  8:40  Roach  
  96  8:41  Roach  
  104  8:44  Roach x3  
  104  8:51  Zergling x2  
  104  8:52  Zergling x10  
  100  9:00  Roach x3  
  94  9:22  Roach x6  
  94  9:23  Roach x3  
  103  9:27  Ravager  
  103  9:28  Ravager  
  103  9:29  Ravager  
  96  9:35  Roach x3  
  91  9:43  Roach x4  
  91  9:45  Zergling x2  
  97  9:46  Zergling x2  
  94  9:55  Roach  
  94  9:56  Roach x3  
  101  10:02  Roach  
  101  10:03  Roach  
  101  10:06  Drone x3  
  108  10:07  Drone  
  109  10:16  Drone x5  
  109  10:18  Drone  
  109  10:20  Drone  
  117  10:21  Drone  
  117  10:23  Drone  
  117  10:24  Drone  
  117  10:26  Drone  
  117  10:28  Drone  
  119  10:30  Ravager  
  119  10:31  Ravager  
  119  10:49  Drone x12  
  131  10:52  Extractor  
  131  10:53  Extractor  
  129  11:05  Hatchery  
  129  11:09  Spire  
  127  11:23  Hydralisk Den, Zergling x6  
  127  11:24  Zergling x20  
  134  11:35  Roach  
  136  11:42  Roach  
  136  11:43  Roach x3  
  140  11:51  Roach x2  
  140  11:52  Roach  
  130  11:55  Overlord  
  130  11:56  Overlord  
  107  12:05  Hydralisk  
  107  12:06  Roach  
  107  12:07  Roach  
  91  12:11  Roach  
  91  12:14  Roach  
  91  12:15  Roach  
  86  12:16  Roach  
Show
View Real Time Build Order
Export as new Build Order

Neurotoxin Zerg - Winner!

Build Orders: Pool First 

Get SALT Encoding   

  12  0:18  Spawning Pool  
  11  0:22  Drone  
  11  0:26  Drone  
  13  0:34  Drone  
  14  0:40  Overlord  
  14  1:06  Zergling x6  
  17  1:15  Hatchery  
  16  1:22  Drone  
  17  1:30  Zergling x2  
  18  1:40  Drone  
  19  1:49  Queen, Overlord  
  21  2:13  Drone x2  
  23  2:28  Drone x2  
  24  2:39  Drone x2  
  26  2:45  Drone  
  26  2:48  Extractor  
  26  2:54  Drone x2  
  28  2:59  Spine Crawler  
  28  3:02  Drone, Queen  
  30  3:08  Queen  
  30  3:10  Hatchery  
  30  3:12  Drone  
  32  3:20  Overlord  
  32  3:22  Overlord  
  32  3:33  Zergling x8  
  36  3:36  Overlord  
  35  3:58  Drone x2  
  35  4:00  Drone x3  
  40  4:11  Drone x2  
  42  4:22  Drone x4  
  46  4:25  Overlord  
  46  4:32  Roach Warren, Hatchery  
  46  4:35  Evolution Chamber  
  43  4:42  Drone x4, Evolution Chamber  
  46  4:53  Drone x6  
  52  5:01  Lair  
  52  5:08  Extractor, Drone  
  52  5:09  Drone x2  
  52  5:13  Extractor  
  53  5:14  Extractor  
  52  5:23  Drone x4, Overlord x2  
  52  5:24  Drone  
  57  5:33  Drone x2  
  59  5:43  Overlord x3  
  59  5:44  Overlord x2  
  59  5:52  Drone x5  
  64  6:02  Glial Reconstitution  
  64  6:07  Zerg Missile Weapons Level 1  
  64  6:10  Roach x4  
  72  6:14  Metabolic Boost  
  72  6:16  Roach  
  72  6:17  Roach x2  
  72  6:18  Drone  
  79  6:21  Overseer  
  79  6:28  Drone x6  
  79  6:30  Drone  
  86  6:41  Drone x8  
  86  6:44  Extractor  
  86  6:45  Extractor  
  92  6:54  Roach x3  
  100  6:57  Roach x2  
  100  6:58  Hatchery  
  103  7:02  Roach  
  103  7:03  Roach  
  107  7:16  Roach x7  
  121  7:24  Hydralisk Den  
  121  7:27  Zerg Ground Armor Level 1, Overlord x3  
  120  7:42  Extractor  
  120  7:43  Roach x5  
  129  7:44  Extractor  
  129  7:45  Overlord x2  
  124  7:52  Roach x7  
  124  7:56  Roach x2  
  125  8:05  Roach x4  
  119  8:06  Roach x2  
  117  8:14  Burrow  
  117  8:15  Roach  
  94  8:29  Roach x7  
  108  8:40  Roach x5  
  114  8:48  Roach  
  106  9:00  Roach x5  
  116  9:06  Queen x2  
  116  9:07  Overlord x2  
  118  9:19  Roach x4  
  120  9:30  Roach  
  120  9:31  Roach x2  
  116  9:43  Roach x10  
  126  10:07  Drone, Roach x9  
  126  10:08  Drone  
  144  10:16  Lurker Den  
  144  10:19  Roach  
  144  10:20  Roach x3  
  137  10:28  Roach  
  137  10:29  Roach x4  
  147  10:38  Roach x6  
  159  10:43  Roach x2  
  161  10:50  Hatchery  
  161  10:53  Hatchery  
  161  10:54  Hydralisk x5  
  169  11:11  Zergling x2  
  169  11:12  Zergling x16  
  169  11:15  Overseer  
  168  11:40  Hydralisk  
  168  11:41  Roach  
  168  11:42  Roach x12  
  180  11:55  Roach x6  
  180  11:56  Roach  
  172  12:06  Roach x8  
  172  12:14  Zergling x10  
  165  12:16  Zergling x2  
  165  12:17  Zergling x2  
Tags
 
Add a new tag
Caveats
  • Supply blocks, unpowered buildings, or Contaminate may cause inaccurate times.
  • Supply counts are checked every 10 seconds.